 Dungeon Crawl Stone Soup version 0.14-a0-2679-gcb94c3d (webtiles) character file.

1059 CrazyArbalest the Bolt Thrower (level 7, -2/50 HPs)
             Began as a Demonspawn Hunter on Feb 17, 2014.
             Was a Believer of Okawaru.
             Slain by a gnoll
             ... wielding a +0,+0 whip
              (11 damage)
             ... on Level 5 of the Dungeon.
             The game lasted 00:20:45 (3783 turns).

CrazyArbalest the Bolt Thrower (Demonspawn Hunter)  Turns: 3783, Time: 00:20:46

HP  -2/50        AC  6     Str 17      XL: 7   Next: 74%
MP   7/7         EV 13     Int 12      God: Okawaru [**....]
Gold 184         SH  0     Dex 13      Spells:  0 memorised,  6 levels left

rFire  . . .     SeeInvis +     a - +1,+2 orc whip
rCold  . . .     Clarity  .     L - +0 leather armour
rNeg   . . .     Conserve .     (no shield)
rPois  .         rCorr    .     k - +0 helmet
rElec  .         rRot     .     j - +0 cloak
SustAb . .       Spirit   .     (no gloves)
rMut   .         Warding  .     (no boots)
Saprov + . .     Stasis   .     (no amulet)
MR     .....                    s - ring of see invisible
                                I - +2 ring of strength

@: not resistant to hostile enchantments, unstealthy
A: rugged brown scales 1, saprovore 1
a: Heroism, Renounce Religion


You were on level 5 of the Dungeon.
You worshipped Okawaru.
Okawaru was pleased with you.
You were not hungry.

You visited 1 branch of the dungeon, and saw 5 of its levels.

You collected 184 gold pieces.

Inventory:

Hand weapons
 a - a +1,+2 orcish whip (weapon)
 b - a +1,+1 crossbow
 v - a +0,+0 orcish flail
Missiles
 c - 14 bolts
 A - 11 silver bolts
Armour
 j - a +0 cloak (worn)
 k - a +0 helmet (worn)
 L - a +0 leather armour (worn)
Comestibles
 f - 4 bread rations
 l - 6 meat rations
 E - a choko
Scrolls
 d - a scroll of enchant armour {unknown}
 n - a scroll of remove curse
 o - 4 scrolls of identify
 p - 2 scrolls of magic mapping
 q - 2 scrolls of enchant weapon II
 r - a scroll of teleportation {unknown}
 t - a scroll of fear {unknown}
 u - a scroll of curse jewellery {unknown}
 w - a scroll of enchant weapon I {unknown}
 x - 2 scrolls of curse weapon {unknown}
 y - a scroll of curse armour {unknown}
Jewellery
 i - an uncursed ring of wizardry
 s - a ring of see invisible (right hand)
 F - an uncursed ring of teleportation
 I - a +2 ring of strength (left hand)
Potions
 e - a potion of curing
 h - a potion of brilliance
 z - a potion of agility
 C - a potion of mutation {unknown}
 D - a potion of flight {unknown}
 G - a potion of lignification {unknown}
 H - a potion of poison {unknown}
 K - 3 potions of speed {unknown}


   Skills:
 + Level 1.8 Fighting
 + Level 2.2 Maces & Flails
 * Level 6.5 Crossbows
 + Level 2.9 Armour
 + Level 4.1 Dodging
 + Level 1.7 Stealth


You had 6 spell levels left.
You didn't know any spells.

Dungeon Overview and Level Annotations

Branches:
Dungeon (5/16)             Temple (0/1) D:4

Altars:
Dithmenos
Nemelex Xobeh
Okawaru
Zin

Shops:
D:5 }


Innate Abilities, Weirdness & Mutations

You are partially covered in rugged brown scales (AC +1, +3% HP).
You can tolerate rotten meat.


Message History

The gnoll hits you with a glowing elven spear.
The gnoll hits you with a whip!
A gnoll comes into view. It is wielding a spear.
You hit the gnoll but do no damage.
The gnoll is severely wounded.
The gnoll hits you but does no damage. The gnoll completely misses you.
You hit the gnoll.
You kill the gnoll!
Okawaru accepts your kill. The gnoll hits you but does no damage.
You closely miss the gnoll. The gnoll hits you with a whip.
You barely miss the gnoll. The gnoll barely misses you.
The gnoll hits you with a whip!
* * * LOW HITPOINT WARNING * * *
The gnoll sergeant barely misses you.
Things that are here:
a glowing elven spear; 28 stones You hit the gnoll sergeant but do no damage.
The gnoll hits you with a whip!
You die...

.[......≈..##
..........≈.##
#..........≈.#
#...>......≈
#.......g.g..
#............
#............
#..........≈..
#...g@gg...≈≈.
#...........≈≈
#.............
#..(.........
#...........#
#...........##########
#................<....
#.....................
#.....................


You could see a gnoll sergeant and 4 gnolls.

Vanquished Creatures
  Grinder (D:4)
  An ogre (D:5)
  Sigmund (D:4)
  2 scorpions (D:5)
  A giant frog skeleton (D:5)
  2 gnoll shamans (D:5)
  2 iguanas
  A hound (D:5)
  3 worker ants
  4 gnolls (D:5)
  7 adders
  A giant mite (D:3)
  5 worms
  4 orcs
  A ball python (D:1)
  A bat zombie (D:5)
  2 giant cockroaches
  8 hobgoblins
  8 jackals
  7 kobolds
  7 bats
  5 giant newts
  7 goblins
  A hobgoblin skeleton (D:4)
  3 quokkas
  4 rats
89 creatures vanquished.

Notes
Turn   | Place    | Note
--------------------------------------------------------------
     0 | D:1      | CrazyArbalest, the Demonspawn Hunter, began the quest for the Orb.
     0 | D:1      | Reached XP level 1. HP: 15/15 MP: 1/1
   222 | D:1      | Reached skill level 4 in Crossbows
   368 | D:1      | Found an iron altar of Okawaru.
   380 | D:1      | Became a worshipper of Warmaster Okawaru
   496 | D:1      | Gained mutation: You are partially covered in rugged brown scales (AC +1, +3% HP). [demonic ancestry]
   496 | D:1      | Reached XP level 2. HP: 15/21 MP: 2/2
   706 | D:2      | Found a glowing silver altar of Zin.
   848 | D:2      | Reached XP level 3. HP: 17/26 MP: 3/3
  1393 | D:2      | Reached skill level 1 in Stealth
  1420 | D:2      | Reached skill level 1 in Armour
  1687 | D:3      | Reached XP level 4. HP: 23/32 MP: 4/4
  2473 | D:4      | Reached XP level 5. HP: 36/38 MP: 5/5
  2479 | D:4      | Acquired Okawaru's first power
  2496 | D:4      | Noticed Grinder
  2499 | D:4      | Paralysed by Grinder for 4 turns
  2526 | D:4      | Noticed Sigmund
  2536 | D:3      | Reached skill level 1 in Maces & Flails
  2596 | D:4      | Killed Grinder
  2596 | D:4      | Reached skill level 5 in Crossbows
  2596 | D:4      | Reached XP level 6. HP: 15/44 MP: 3/6
  2622 | D:4      | Found a staircase to the Ecumenical Temple.
  2813 | D:4      | Killed Sigmund
  2813 | D:4      | Reached skill level 6 in Crossbows
  2949 | D:4      | Gained mutation: You can tolerate rotten meat. [demonic ancestry]
  2949 | D:4      | Reached XP level 7. HP: 34/49 MP: 7/7
  3133 | D:5      | Entered Level 5 of the Dungeon
  3369 | D:5      | Found a sparkling altar of Nemelex Xobeh.
  3604 | D:5      | Found a shadowy altar of Dithmenos.
  3691 | D:5      | Found Zopaer's Gadget Emporium.
  3783 | D:5      | Slain by a gnoll

Action                   |  1- 3 |  4- 6 |  7- 9 || total
-------------------------+-------+-------+-------++-------
Melee: Short sword       |    67 |       |       ||    67
       Mace              |    66 |    82 |    72 ||   220
       Flail             |       |     5 |       ||     5
       Whip              |       |       |   102 ||   102
 Fire: Crossbow          |     8 |    46 |     4 ||    58
Invok: Heroism           |       |     2 |     4 ||     6
  Use: Potion            |     3 |     1 |     1 ||     5
       Scroll            |       |       |     3 ||     3
 Stab: Sleeping          |       |     2 |       ||     2
